 Dungeon Crawl Stone Soup version 0.21-a0-221-gfe971b9 (webtiles) character file.

1916 GordonOverkill the Cleaver (level 8, -2/63 HPs)
             Began as a Minotaur Skald on Aug 27, 2017.
             Was an Initiate of Hepliaklqana.
             Slain by an orc warrior
             ... wielding a +0 battleaxe
              (9 damage)
             ... on level 6 of the Dungeon.
             The game lasted 00:10:10 (5651 turns).

GordonOverkill the Cleaver (Minotaur Skald)         Turns: 5651, Time: 00:10:11

Health: -2/63      AC: 15    Str: 18    XL:     8   Next: 95%
Magic:  9/9        EV:  9    Int: 10    God:    Hepliaklqana [......]
Gold:   311        SH:  0    Dex: 10    Spells: 8/9 levels left

rFire    . . .     SeeInvis .   a - +2 war axe (chop)
rCold    + . .     Gourm    .   (no shield)
rNeg     . . .     Faith    .   n - +0 chain mail
rPois    .         Spirit   .   (helmet restricted)
rElec    .         Reflect  .   (no cloak)
rCorr    .         Harm     .   o - +0 pair of gloves
MR       +....                  f - +2 pair of boots
Stlth    ..........             v - amulet of rage
HPRegen  0.20/turn              r - ring of protection from magic
MPRegen  0.11/turn              m - ring of protection from cold

@: about to teleport, very slightly contaminated, invisible
A: retaliatory headbutt, reduced essence, horns 2
a: Recall Ancestor, Ancestor Identity, Renounce Religion, Evoke Berserk Rage


You were on level 6 of the Dungeon.
You worshipped Hepliaklqana.
Hepliaklqana was noncommittal.
You were not hungry.

You visited 2 branches of the dungeon, and saw 7 of its levels.

You collected 311 gold pieces.

Inventory:

Hand Weapons
 a - a +2 war axe of chopping (weapon)
Armour
 f - a +2 pair of boots (worn)
 n - a +0 chain mail (worn)
 o - a +0 pair of gloves (worn)
Jewellery
 m - a ring of protection from cold (right hand)
 r - a ring of protection from magic (left hand)
 v - an amulet of rage (around neck)
Wands
 g - a wand of enslavement (18/24)
Potions
 b - 3 potions of curing {unknown}
 e - 2 potions of ambrosia {unknown}
 k - a potion of invisibility
 p - a potion of haste {unknown}
 q - a potion of agility {unknown}
 t - a potion of flight {unknown}
Books
 c - a book of Battle

   Spells                             Type                      Level
   a - Infusion                       Charms                       1
   b - Shroud of Golubria             Charms/Translocation         2
   c - Song of Slaying                Charms                       2
   d - Spectral Weapon                Hexes/Charms                 3
   e - Regeneration                   Charms/Necromancy            3
 l - a book of Flames

   Spells                             Type                      Level
   a - Flame Tongue                   Conjuration/Fire             1
   b - Throw Flame                    Conjuration/Fire             2
   c - Conjure Flame                  Conjuration/Fire             3
   d - Inner Flame                    Hexes/Fire                   3
   e - Sticky Flame                   Conjuration/Fire             4
   f - Fireball                       Conjuration/Fire             5
Comestibles
 d - 3 bread rations
 h - 2 meat rations
 j - 4 royal jellies
 s - 2 chunks of flesh


   Skills:
 + Level 6.7 Fighting
 * Level 8.9 Axes
 + Level 6.6 Armour
 - Level 5.5 Dodging
 - Level 1.3 Spellcasting
 - Level 2.0 Charms
 + Level 1.5 Evocations


You had 8 spell levels left.
You knew the following spells:

 Your Spells              Type           Power        Failure   Level  Hunger
a - Infusion              Chrm           #...         83%         1    ##.....


Dungeon Overview and Level Annotations

Branches:
Dungeon (6/15)             Temple (1/1) D:5

Altars:
Cheibriados
Dithmenos
Elyvilon
Fedhas
Gozag
Hepliaklqana
Makhleb
Nemelex Xobeh
Okawaru
Qazlal
Ru
Sif Muna
Trog
Vehumet
Wu Jian
Xom
Zin
The Shining One

Shops:
D:6 ?*


Innate Abilities, Weirdness & Mutations

You reflexively headbutt those who attack you in melee.
You have a pair of horns on your head.
Your life essence is reduced to manifest your ancestor. (-10% HP)


Message History

You are too injured to fight recklessly!
You are too injured to fight recklessly!
You are too injured to fight recklessly!
You are too injured to fight recklessly!
You hit the orc warrior but do no damage.
The orc warrior is lightly wounded.
You hit the orc wizard but do no damage.
The orc wizard hits you but does no damage.
The orc warrior hits you with a battleaxe!!
* * * LOW HITPOINT WARNING * * *
Okay, then.
You fade into invisibility!
The orc completely misses you. You furiously retaliate!
You headbutt the orc!
You kill the orc!
The orc wizard hits you but does no damage.
You are very lightly contaminated with residual magic.
As you read the scroll of teleportation, it crumbles to dust.
You feel strangely unstable.
The orc warrior hits you with a battleaxe!
You die...

# #.# #
#.###########
#
#............
######...####
..........#
.######...#
###...######
#...........
#.##@#####..
#.##o###
#..o...#
#$..###....#
#..[# ...#
#...# ..#
#[.... ..
.....## #
.##...


You could see an orc warrior and an orc wizard.

Vanquished Creatures
  The ghost of skelma the Poker, a novice CeFi (D:5)
  The ghost of dricus the Insei, an amateur OpTm (D:3)
  Sigmund (D:4)
  The ghost of MirrMurr the Sneak, an amateur SpEn of Ashenzari (D:4)
  Menkaure (D:5)
  2 eyes of draining (D:4)
  An ice beast (D:5)
  A bullfrog (D:3)
  A hound (D:5)
  3 orc priests
  2 orc wizards
  2 worker ants
  Natasha (thrice) (D:3 D:4 D:6)
  5 adders
  A shadow imp (D:5)
  3 oozes
  An adder skeleton (D:4)
  2 worms (D:2)
  3 dart slugs
  2 leopard geckos (D:1)
  15 orcs
  5 giant cockroaches
  4 goblins
  3 hobgoblins
  8 jackals
  8 kobolds
  3 quokkas
  A ball python (D:5)
  7 bats
  5 frilled lizards
  A quokka skeleton (D:5)
  7 rats
104 creatures vanquished.

Vanquished Creatures (collateral kills)
  An ogre (D:5)
  An adder (D:6)
  2 orcs (D:6)
4 creatures vanquished.

Vanquished Creatures (others)
  2 ancestors
2 creatures vanquished.

Grand Total: 110 creatures vanquished

Notes
Turn   | Place    | Note
-------+----------+-------------------------------------------
     0 | D:1      | GordonOverkill the Minotaur Skald began the quest for the Orb.
     0 | D:1      | Reached XP level 1. HP: 18/18 MP: 1/1
   163 | D:1      | Reached XP level 2. HP: 25/25 MP: 3/3
   670 | D:1      | Reached skill level 3 in Axes
   670 | D:1      | Reached XP level 3. HP: 26/30 MP: 4/4
  1660 | D:2      | Reached XP level 4. HP: 27/38 MP: 5/5
  1968 | D:2      | Reached skill level 4 in Axes
  2315 | D:3      | Reached XP level 5. HP: 35/45 MP: 6/6
  2398 | D:3      | Noticed Natasha
  2401 | D:3      | Killed Natasha
  2436 | D:3      | Noticed dricus's ghost (amateur OpTm)
  2447 | D:3      | Killed dricus's ghost
  2447 | D:3      | Reached skill level 5 in Axes
  2447 | D:3      | Reached XP level 6. HP: 21/52 MP: 7/7
  3189 | D:4      | Found a glowing golden altar of the Shining One.
  3189 | D:4      | Found an ornate altar of the Wu Jian Council.
  3313 | D:4      | Noticed Sigmund
  3336 | D:4      | Killed Sigmund
  3336 | D:4      | Reached skill level 6 in Axes
  3336 | D:4      | Reached XP level 7. HP: 56/60 MP: 8/8
  3503 | D:4      | Noticed Natasha
  3509 | D:4      | Killed Natasha
  3536 | D:4      | Noticed MirrMurr's ghost (amateur SpEn)
  3555 | D:4      | Killed MirrMurr's ghost
  3555 | D:4      | Reached skill level 5 in Fighting
  3555 | D:4      | Reached skill level 5 in Armour
  3913 | D:4      | Found a bloodstained altar of Trog.
  3933 | D:4      | Reached skill level 7 in Axes
  3933 | D:4      | Reached XP level 8. HP: 69/69 MP: 0/9
  4173 | D:5      | Entered Level 5 of the Dungeon
  4202 | D:5      | Reached skill level 5 in Dodging
  4410 | D:5      | Noticed skelma's ghost (novice CeFi)
  4427 | D:5      | HP: 3/70 [skelma's ghost (10)]
  4428 | D:5      | Killed skelma's ghost
  4428 | D:5      | Reached skill level 8 in Axes
  4904 | D:5      | Found a staircase to the Ecumenical Temple.
  4913 | Temple   | Entered the Ecumenical Temple
  4917 | Temple   | Became a worshipper of Hepliaklqana the Forgotten
  5155 | D:5      | Noticed Menkaure
  5165 | D:5      | Killed Menkaure
  5390 | D:5      | Reached skill level 1 in Evocations
  5511 | D:6      | Found Ypreny's Assorted Antiques.
  5579 | D:6      | Found a blossoming altar of Fedhas.
  5595 | D:6      | Found Agrolipt's Magic Scroll Emporium.
  5628 | D:6      | Noticed Natasha
  5633 | D:6      | Killed Natasha
  5651 | D:6      | Slain by an orc warrior

Vault maps used:
D:1:      eino_arrival_cavern_d
D:2:      first_bread, fountainhead, hangedman_decor_riveting
D:3:      uniq_natasha
D:4:      gammafunk_temple_overflow_wave, trog_eyes_of_draining, uniq_sigmund
D:5:      temple_statues, uniq_menkaure
D:6:      dancing_weapons_uskayaw, fedhas_altar_2, serial_shops,
          nicolae_shop_trees, kennysheep_little_box, shop, nicolae_shop_stone,
          uniq_grinder
Temple:   zaba_magenta_temple

Skill      XL: |  1  2  3  4  5  6  7  8 |
---------------+-------------------------+-----
Armour         | 2 3 4 5 6 |  6.6
Axes           | 3 4 5 6 7 8 |  8.9
Fighting       | 3 4 5 6 |  6.7
Dodging        | 3 4 5 |  5.5
Evocations     | 1 |  1.5
Spellcasting   | |  1.3
Charms         | |  2.0

Action                   |  1- 3 |  4- 6 |  7- 9 || total
-------------------------+-------+-------+-------++-------
Melee: Hand axe          |    57 |       |       ||    57
       Headbutt          |    13 |    15 |    19 ||    47
       War axe           |    25 |    96 |   127 ||   248
Invok: Ancestor Identity |       |       |     1 ||     1
  Use: Scroll            |     5 |     2 |     3 ||    10
       Potion            |       |       |     1 ||     1
  Eat: Chunk             |     2 |     5 |     7 ||    14
       Fruit             |       |       |     1 ||     1
Armor: Leather armour    |    22 |    17 |       ||    39
       Chain mail        |       |    15 |    68 ||    83
Dodge: Dodged            |    53 |    70 |    33 ||   156

Table legend:
 A = Spawn XP
 B = Non-spawn XP
 C = Spawn XP percentage of total XP
 D = Spawn monster count
 E = Non-spawn monster count
 F = Spawn count percentage of total count
 G = Total turns spent on level
                    A         B        C        D         E        F      G
               +---------+---------+-------+---------+---------+-------+---------
         Total |     337 |    2401 |  12.3 |      21 |      87 |  19.4 |  5651
               +---------+---------+-------+---------+---------+-------+---------
           D:1 |      11 |      35 |  23.9 |       5 |      20 |  20.0 |  1055
           D:2 |      15 |     103 |  12.7 |       2 |      17 |  10.5 |  1248
           D:3 |      13 |     497 |   2.5 |       7 |      19 |  26.9 |   780
           D:4 |      39 |     755 |   4.9 |       3 |      11 |  21.4 |  1090
           D:5 |     259 |     912 |  22.1 |       4 |      14 |  22.2 |  1249
           D:6 |       0 |      99 |   0.0 |       0 |       6 |   0.0 |   150
               +---------+---------+-------+---------+---------+-------+---------
